 Dungeon Crawl Stone Soup version 0.28.0-53-g5a82cb258f (webtiles) character file.

Game seed: 2691891292731943997

99 Doot the Chopper (level 4, -6/37 HPs)
             Began as a Hill Orc Gladiator on June 1, 2022.
             Asphyxiated
             ... on level 4 of the Dungeon.
             The game lasted 00:02:37 (1845 turns).

Doot the Chopper (Hill Orc Gladiator)               Turns: 1845, Time: 00:02:38

Health: -6/37      AC:  4    Str: 15 (16) XL:     4   Next: 72%
Magic:  4/4        EV: 12    Int: 10      God:
Gold:   102        SH:  0    Dex: 12      Spells: 2/3 levels left

rFire   . . .      SeeInvis .   a - +0 war axe
rCold   . . .      Faith    .   (no shield)
rNeg    . . .      Spirit   .   b - +0 leather armour
rPois   +          Reflect  .   c - +0 helmet
rElec   .          Harm     .   (no cloak)
rCorr   .          Rampage  .   (no gloves)
Will    .....                   (no boots)
Stlth   +.........              (no amulet)
HPRegen 0.12/turn               (no ring)
MPRegen 0.09/turn               (no ring)

@: no status effects
A: deterioration 1, poison resistance
a: no special abilities


You were on level 4 of the Dungeon.
You visited 1 branch of the dungeon, and saw 4 of its levels.

You collected 102 gold pieces.

Inventory:

Hand Weapons
 a - a +0 war axe (weapon)
Armour
 b - a +0 leather armour (worn)
 c - a +0 helmet (worn)
Magical Staves
 g - a staff of poison
Wands
 k - a wand of iceblast (7)
Scrolls
 e - 2 scrolls of enchant armour {unknown}
 f - a scroll of magic mapping {unknown}
 h - 2 scrolls of teleportation {unknown}
 i - 2 scrolls of fear {unknown}
 j - 2 scrolls of identify {unknown}


   Skills:
 + Level 2.9 Fighting
 + Level 5.5 Axes
 + Level 1.9 Throwing
 + Level 1.4 Armour
 + Level 2.9 Dodging
 + Level 0.3 Stealth


You had 2 spell levels left.
You knew the following spells:

 Your Spells              Type           Power      Damage    Failure   Level
a - Animate Skeleton      Necr           0%         N/A       43%         1

Your spell library contained the following spells:

 Spells                   Type           Power      Damage    Failure   Level
 Apportation              Tloc           0%         N/A       43%         1
 Summon Small Mammal      Summ           0%         N/A       43%         1


Dungeon Overview and Level Annotations

Branches:
Dungeon (4/15)
 Temple: D:4-7

Altars:
Cheibriados
Qazlal


Innate Abilities, Weirdness & Mutations

Your body sometimes deteriorates upon taking damage.
Your system is resistant to poisons. (rPois)


Message History

Found 12 bolts.
A kobold brigand is nearby!
A kobold brigand is nearby!
You close the door.
You feel very sick.
It was a potion of mutation.
You feel extremely strange.
You feel yourself wasting away.
You feel resistant to poisons.
You feel very sick.
Unknown command.
You start resting.
You feel very sick.
You feel sick.
A kobold brigand is nearby!
Throw: throwing net
Press: ? - help, Q - select action, (/) - cycle Shift-Dir - straight line, f - kobold brigand
Aim: a kobold brigand, wielding a +0 short sword and quivering curare-tipped darts (50% to hit)
You throw a throwing net.
The throwing net barely misses the kobold brigand.
You feel sick. The kobold brigand barely misses you.
You barely miss the kobold brigand.
You feel sick.
The kobold brigand hits you with a +0 short sword.
* * * LOW HITPOINT WARNING * * *
The kobold brigand hits you with a +0 short sword.
* * * LOW HITPOINT WARNING * * *
Your body deteriorates!
You feel weakened.
Unknown command.
You aren't carrying any potions.
Unknown command.
Unknown command.
You feel sick.
You are no longer poisoned.
The kobold brigand closely misses you.
The kobold brigand hits you with a +0 short sword.
* * * LOW HITPOINT WARNING * * *
You feel yourself speed up.
The kobold brigand hits you with a +0 short sword.
* * * LOW HITPOINT WARNING * * *
The kobold brigand throws a curare-tipped dart.
The curare-tipped dart hits you.
You have difficulty breathing.
You die...

.....##.#.###'#.....# #.# #.#
........#.# #.####### #.# #.#
........#.###.# #.# #.#
..............# #.# #.#
#######.#.#############.#######.#
..).......# #................#
#######...######..........#######
...............+..........#
#######.#.######@.........#
........#.#...K.....#####.#
#######<#.#.#######.# #.# ###>#.#
#.# #.# ###.# #.# #.# #'# #.# #.#
... #.#####.# #.... #....)..#
#...(. #########


You could see a kobold brigand.

Vanquished Creatures
  A scorpion (D:4)
  2 adders
  An orc (D:4)
  2 ball pythons
  2 bats
  2 endoplasms
  A giant cockroach (D:3)
  3 goblins
  A hobgoblin (D:4)
  6 kobolds
  2 quokkas (D:2)
  A rat (D:2)
24 creatures vanquished.

Notes
Turn   | Place    | Note
-------+----------+-------------------------------------------
     0 | D:1      | Doot the Hill Orc Gladiator began the quest for the Orb.
     0 | D:1      | Reached XP level 1. HP: 18/18 MP: 1/1
    36 | D:1      | Noticed a great orb of eyes
    38 | D:1      | Found a faded altar of an unknown god.
    65 | D:1      | Reached XP level 2. HP: 18/25 MP: 2/2
   314 | D:2      | Found a snail-covered altar of Cheibriados.
  1019 | D:3      | Reached XP level 3. HP: 30/30 MP: 3/3
  1098 | D:3      | Found a stormy altar of Qazlal.
  1402 | D:4      | Noticed a scorpion
  1415 | D:4      | Killed a scorpion
  1416 | D:4      | Reached skill level 5 in Axes
  1416 | D:4      | Reached skill level 1 in Armour
  1416 | D:4      | Reached XP level 4. HP: 28/37 MP: 4/4
  1660 | D:4      | Learned a level 1 spell: Animate Skeleton
  1832 | D:4      | Noticed a kobold brigand
  1834 | D:4      | Gained mutation: Your body sometimes deteriorates upon
                  | taking damage. [potion of mutation]
  1834 | D:4      | Gained mutation: Your system is resistant to poisons.
                  | (rPois) [potion of mutation]
  1841 | D:4      | HP: 1/37 [kobold brigand/+0 short sword (3)]
  1845 | D:4      | Asphyxiated

Illustrated notes

Levels and vault maps discovered:
D:1:      lightli_arrival_maybe_door_vault, layout_loops_ring,
          hellmonk_ecumenical_altar_watching_god,
          hangedman_decor_clover_reticule
D:2:      layout_rooms, basic_altar, minmay_pentomino_r4
D:3:      layout_basic, lemuel_tele_altar,
          mainiacjoe_overflow_concentric_impassable
D:4:      layout_basic

Skill      XL: |  1  2  3 |
---------------+----------+-----
Axes           | 5 |  5.5
Armour         | 1 |  1.4
Fighting       | |  2.9
Throwing       | |  1.9
Dodging        | |  2.9
Stealth        | |  0.3

Action                   |  1- 3 |  4- 6 || total
-------------------------+-------+-------++-------
Melee: War axe           |    57 |    10 ||    67
Throw: Throwing net      |     3 |     1 ||     4
  Use: Potion            |       |     1 ||     1
 Stab: Held in net/web   |     2 |       ||     2
Armor: Leather armour    |    16 |     2 ||    18
Dodge: Dodged            |    39 |     4 ||    43
